 Dungeon Crawl Stone Soup version 0.19.5 (webtiles) character file.

5408 McKennaii the Thaumaturge (level 10, -6/52 HPs)
             Began as a Deep Elf Fire Elementalist on May 24, 2017.
             Was a Priest of Sif Muna.
             Mangled by an orc knight
             ... wielding a +0 glaive
              (16 damage)
             ... in a bailey.
             The game lasted 00:36:38 (10533 turns).

McKennaii the Thaumaturge (DEFE)                   Turns: 10533, Time: 00:36:38

Health: -6/52      AC:  7    Str:  3 (5)  XL:     10   Next: 40%
Magic:  13/27      EV: 14    Int: 25 (26) God:    Sif Muna [***...]
Gold:   125        SH:  0    Dex: 17 (19) Spells: 4 memorised, 21 levels left

rFire  + + .     SeeInvis .     C - staff of cold
rCold  . . .     Gourm    +     a - +0 robe
rNeg   . . .     Faith    .     (no shield)
rPois  .         Spirit   .     (no helmet)
rElec  .         Reflect  .     n - +2 cloak
rCorr  .         Harm     .     I - +0 pair of gloves
MR     +....                    u - +0 pair of boots
Stlth  +++.......               O - amulet "Isoluicw" {Gourm *Drain Int+2 Dex+4}
                                U - ring of fire
                                v - ring of protection from fire

@: lethally poisoned (-6 -> -21)
A: no striking features
a: Divine Energy, Channel Magic, Renounce Religion


You were in a bailey.
You worshipped Sif Muna.
Sif Muna was most pleased with you.
You were very full.

You visited 1 branch of the dungeon, and saw 12 of its levels.
You also visited: Sewer and Bailey.

You collected 425 gold pieces.
You spent 300 gold pieces at shops.

Inventory:

Armour
 a - a +0 robe (worn)
 l - a +2 cloak of magic resistance
 n - a +2 cloak (worn)
 u - a +0 pair of boots (worn)
 I - a +0 pair of gloves (worn)
Magical Staves
 C - an uncursed staff of cold (weapon)
Jewellery
 v - a ring of protection from fire (left hand)
 O - the amulet "Isoluicw" (around neck) {Gourm *Drain Int+2 Dex+4}
   (You found it on level 7 of the Dungeon)

   [amulet of the gourmand]

   It allows you to eat raw meat even when not hungry.
   It affects your intelligence (+2).
   It affects your dexterity (+4).
   It causes draining when unequipped.
 U - a ring of fire (right hand)
Wands
 B - a wand of paralysis (15/24)
 K - a wand of lightning (8/15)
 Q - a wand of teleportation (1/9)
 R - a wand of random effects (37/48)
Scrolls
 d - 13 scrolls of identify {unknown}
 e - 2 scrolls of fear {unknown}
 f - 2 scrolls of fog {unknown}
 i - 3 scrolls of enchant weapon
 j - a scroll of teleportation
 s - a scroll of noise {unknown}
 t - a scroll of random uselessness {unknown}
 w - a scroll of recharging {unknown}
 x - 3 scrolls of magic mapping
 y - 2 scrolls of amnesia {unknown}
 E - 2 scrolls of remove curse {unknown}
 H - a scroll of immolation {unknown}
 L - 2 scrolls of enchant armour {unknown}
 M - a scroll of silence {unknown}
 N - a scroll of summoning {unknown}
Potions
 k - a potion of might
 r - a potion of degeneration
 z - 2 potions of brilliance
 D - 2 potions of haste {unknown}
 G - a potion of agility {unknown}
 J - 2 potions of flight {unknown}
Books
 b - a book of Flames

   Spells                             Type                      Level
   a - Flame Tongue                   Conjuration/Fire             1
   b - Throw Flame                    Conjuration/Fire             2
   c - Conjure Flame                  Conjuration/Fire             3
   d - Inner Flame                    Hexes/Fire                   3
   e - Sticky Flame                   Conjuration/Fire             4
   f - Fireball                       Conjuration/Fire             5
 P - a book of Changes

   Spells                             Type                      Level
   a - Beastly Appendage              Transmutation                1
   b - Sticks to Snakes               Transmutation                2
   c - Spider Form                    Transmutation/Poison         3
   d - Ice Form                       Ice/Transmutation            4
   e - Blade Hands                    Transmutation                5
 T - a book of Maledictions

   Spells                             Type                      Level
   a - Corona                         Hexes                        1
   b - Ensorcelled Hibernation        Hexes/Ice                    2
   c - Confuse                        Hexes                        3
   d - Tukima's Dance                 Hexes                        3
   e - Dazzling Spray                 Conjuration/Hexes            3
Comestibles
 c - 6 bread rations
 m - 3 fruits
 o - a royal jelly
 F - 11 slices of pizza
 S - 2 meat rations


   Skills:
 + Level 1.0 Fighting
 + Level 0.2 Staves
 + Level 4.1 Dodging
 + Level 4.4 Stealth
 + Level 0.1 Unarmed Combat
 + Level 11.9 Spellcasting
 + Level 9.4 Conjurations
 + Level 9.5 Fire Magic
 + Level 0.2 Invocations


You had 21 spell levels left.
You knew the following spells:

 Your Spells              Type           Power        Failure   Level  Hunger
a - Flame Tongue          Conj/Fire      #####        1%          1    None
b - Throw Flame           Conj/Fire      ######       1%          2    None
c - Conjure Flame         Conj/Fire      #######.     1%          3    None
f - Fireball              Conj/Fire      #######...   2%          5    ###....


Dungeon Overview and Level Annotations

Branches:
Dungeon (12/15)            Temple (0/1) D:5
   Lair: D:8-11         Orc: D:9-12

Altars:
Ashenzari
Cheibriados
Elyvilon
Fedhas
Gozag
Hepliaklqana
Makhleb
Sif Muna
Trog
Uskayaw
Yredelemnul
Zin
The Shining One

Shops:
D:5 [   D:8 =

Annotations:
Bailey hawthornbunny's ghost, journeyman TeTm


Message History

* * * LOW HITPOINT WARNING * * *
The orc warrior hits you from afar with a trident!
* * * LOW HITPOINT WARNING * * *
Unknown command.
Unknown command.
It was a potion of cancellation.
Your magical effects are unravelling.
You feel magically purged.
You feel less woody.
Your +2 cloak unmelds from your body.
Your +0 pair of gloves unmelds from your body.
Your +0 pair of boots unmelds from your body.
Your +0 robe unmelds from your body.
You feel less invigorated.
You feel less confused.
You feel a little less mighty now.
You feel a little less clever now.
* * * LOW HITPOINT WARNING * * *
You feel sick.
The orc knight is engulfed in a cloud of scalding steam.
The orc knight hits you from afar with a glaive!
You die...

########.##..≈..###..≈≈..######
#.........##...##,##..≈≈.......
#.≈≈≈≈≈≈≈#######,,[##..≈≈≈≈≈≈≈≈
#.≈..##### *,,..,##.....)...
#.≈.#####***#####'#############
#.≈.##.$$,,##.........*+,,...##
#.≈..##,,,##.§§≈≈§≈§≈.,**...##.
#.≈≈..##,##..≈≈.oo..≈≈,,##.##..
#∩.≈≈..#+#..≈§@§oo...≈≈,,#+#..≈
##.≈≈.)#+#..≈≈..o⌠§..§≈,,*+#..≈
#.≈≈).##,##..§≈...§§≈≈,,**,##..
#.≈..##,,.'#..≈≈≈≈§≈≈.,**,,,##.
#.≈.##,...,##.....§..§**,,,,,##
#.≈.#############'###§#########
#.≈...)....).##,...,##..)).))..
#.≈≈≈≈≈≈≈≈≈≈..##.∩.##..≈≈≈≈≈≈≈≈
#..........≈≈..##,##..≈≈.......


You could see an orc knight and 3 orc warriors.

Vanquished Creatures
  Pikel (D:6)
  A spriggan (D:8)
  A yak (D:8)
  A water moccasin (D:7)
  The ghost of IcySystem the Sneak, an amateur SpEn of Dithmenos (D:4)
  2 ice beasts
  7 orc warriors
  A black bear (D:9)
  2 necrophages
  2 phantoms
  8 ogres
  3 centaurs
  2 big kobolds
  Blork the orc (D:6)
  5 bullfrogs
  2 gnoll sergeants
  A scorpion (D:9)
  A wight (D:8)
  A howler monkey (D:4)
  A quasit (D:7)
  3 orc priests
  A jelly (D:6)
  A gnoll shaman (D:6)
  Crazy Yiuf (D:6)
  A centaur skeleton (D:4)
  A bullfrog skeleton (D:5)
  2 hounds
  5 iguanas
  15 orc wizards
  5 worker ants
  A hound zombie (D:7)
  14 gnolls
  9 adders
  3 river rats
  3 shadow imps
  An ooze (Sewer)
  3 adder skeletons
  2 adder zombies
  7 worms
  A dart slug (D:2)
  2 leopard geckos
  51 orcs
  4 giant cockroaches
  11 goblins
  3 hobgoblins
  19 jackals
  24 kobolds
  3 quokkas
  6 ball pythons
  7 bats
  3 frilled lizards
  A leopard gecko zombie (D:5)
  6 rats
263 creatures vanquished.

Vanquished Creatures (others)
  3 slaves (D:6)
  A bullfrog (D:6)
  An orc priest (D:6)
  An orc wizard (D:6)
  2 orcs (D:6)
8 creatures vanquished.

Grand Total: 271 creatures vanquished

Notes
Turn   | Place    | Note
-------+----------+-------------------------------------------
     0 | D:1      | McKennaii the Deep Elf Fire Elementalist began the quest for the Orb.
     0 | D:1      | Reached XP level 1. HP: 10/10 MP: 6/6
   177 | D:1      | Reached XP level 2. HP: 15/15 MP: 2/8
   716 | D:1      | Reached XP level 3. HP: 19/19 MP: 7/10
   722 | D:1      | Learned a level 2 spell: Throw Flame
   728 | D:1      | Learned a level 3 spell: Conjure Flame
  1530 | D:2      | Reached skill level 4 in Spellcasting
  1543 | D:2      | Reached XP level 4. HP: 21/24 MP: 2/12
  2177 | D:3      | Reached XP level 5. HP: 28/28 MP: 8/13
  2464 | D:3      | Found a glowing drain.
  2478 | Sewer    | Entered a sewer
  2734 | Sewer    | Reached XP level 6. HP: 32/32 MP: 9/15
  3019 | Sewer    | Reached skill level 5 in Spellcasting
  3019 | Sewer    | Reached skill level 5 in Fire Magic
  3806 | D:4      | Reached XP level 7. HP: 36/36 MP: 0/17
  3969 | D:4      | Reached skill level 6 in Spellcasting
  4068 | D:4      | Noticed IcySystem's ghost (amateur SpEn)
  4084 | D:4      | Killed IcySystem's ghost
  4084 | D:4      | Reached skill level 5 in Conjurations
  4371 | D:5      | Entered Level 5 of the Dungeon
  4784 | D:5      | Reached skill level 7 in Spellcasting
  4794 | D:5      | Reached XP level 8. HP: 38/42 MP: 2/20
  5341 | D:5      | Found a staircase to the Ecumenical Temple.
  5380 | D:5      | Found Cyptu's Antique Armour Shoppe.
  5471 | D:6      | Learned a level 5 spell: Fireball
  5493 | D:6      | Found a deep blue altar of Sif Muna.
  5514 | D:6      | Became a worshipper of Sif Muna the Loreminder
  5540 | D:6      | Reached skill level 8 in Spellcasting
  5972 | D:6      | Found a runed door.
  6161 | D:6      | Noticed Blork the orc
  6166 | D:6      | Killed Blork the orc
  6228 | D:6      | Noticed Pikel
  6242 | D:6      | Killed Pikel
  6242 | D:6      | Reached * piety under Sif Muna
  6242 | D:6      | Reached skill level 9 in Spellcasting
  6242 | D:6      | Reached XP level 9. HP: 46/46 MP: 3/24
  6828 | D:7      | Got a glittering sapphire amulet
  7029 | D:7      | Found a blossoming altar of Fedhas.
  7033 | D:7      | Found a burning altar of Makhleb.
  7037 | D:7      | Reached skill level 10 in Spellcasting
  7107 | D:7      | Found a glowing golden altar of the Shining One.
  7108 | D:7      | Found a glowing silver altar of Zin.
  7108 | D:7      | Found a white marble altar of Elyvilon.
  7108 | D:7      | Found a hide-covered altar of Uskayaw.
  7109 | D:7      | Found a snail-covered altar of Cheibriados.
  7110 | D:7      | Found a bloodstained altar of Trog.
  7111 | D:7      | Found a shattered altar of Ashenzari.
  7112 | D:7      | Found an opulent altar of Gozag.
  7113 | D:7      | Found a hazy altar of Hepliaklqana.
  7312 | D:7      | Reached ** piety under Sif Muna
  7498 | D:7      | Identified the amulet "Isoluicw" {Gourm *Drain Int+2 Dex+4} (You found it on level 7 of the Dungeon)
  7984 | D:6      | Noticed Crazy Yiuf
  7987 | D:6      | Killed Crazy Yiuf
  8330 | D:8      | Reached skill level 11 in Spellcasting
  8434 | D:8      | Found Apuvue's Jewellery Boutique.
  8481 | D:8      | Bought an uncursed ring of fire for 300 gold pieces
  8555 | D:8      | Reached XP level 10. HP: 51/51 MP: 16/27
  9067 | D:8      | Found a basalt altar of Yredelemnul.
  9350 | D:8      | Found a deep blue altar of Sif Muna.
  9537 | D:9      | Reached *** piety under Sif Muna
  9753 | D:9      | Reached skill level 1 in Fighting
  9858 | D:9      | Found a flagged portal.
  9872 | D:9      | You fall through a shaft for 3 floors!
  9885 | D:10     | Entered Level 10 of the Dungeon
 10017 | Bailey   | Entered a bailey
 10264 | Bailey   | Noticed hawthornbunny's ghost (journeyman TeTm)
 10283 | Bailey   | Noticed an orc knight
 10533 | Bailey   | Mangled by an orc knight

Skill      XL: |  1  2  3  4  5  6  7  8  9 10 |
---------------+-------------------------------+-----
Fire Magic     | 4 5 6 7 8 9 |  9.5
Dodging        | 3 4 |  4.1
Spellcasting   | 4 5 7 9 11 | 11.9
Conjurations   | 2 3 4 5 7 8 9 |  9.4
Stealth        | 3 4 |  4.4
Fighting       | 1 |  1.0
Staves         | |  0.2
Unarmed Combat | |  0.1
Invocations    | |  0.2

Action                   |  1- 3 |  4- 6 |  7- 9 | 10-12 || total
-------------------------+-------+-------+-------+-------++-------
Melee: Unarmed           |     2 |       |       |       ||     2
       Staff             |       |       |     1 |    43 ||    44
 Cast: Flame Tongue      |    73 |    92 |   227 |   116 ||   508
       Throw Flame       |       |    49 |    95 |    32 ||   176
       Conjure Flame     |       |       |     6 |     2 ||     8
       Fireball          |       |       |     7 |    13 ||    20
Invok: Channel Magic     |       |       |       |     1 ||     1
  Use: Scroll            |       |     1 |       |     5 ||     6
       Potion            |       |       |     2 |     9 ||    11
  Eat: Chunk             |     2 |     7 |    30 |     6 ||    45
Armor: Robe              |     7 |    10 |    14 |    33 ||    64
       Skin              |       |       |       |     3 ||     3
Dodge: Dodged            |    47 |    35 |    48 |    86 ||   216
